 Dungeon Sprint DCSS version 0.19.0-18-g426998a (webtiles) character file.

65 equalderp2856 the Scratcher (level 3, -1/18 HPs)
             Began as a Felid Fighter on Nov 11, 2016.
             Slain by a yak (12 damage)
             ... in the Dungeon (Sprint IX: "|||||||||||||||||||||||||||||").
             The game lasted 00:01:45 (388 turns).

equalderp2856 the Scratcher (Felid Fighter)          Turns: 388, Time: 00:01:46

Health: -1/18      AC:  1    Str: 16    XL:     3   Next: 92%
Magic:  4/4        EV: 21    Int:  9    God:
Gold:   0          SH:  0    Dex: 18    Spells: 0 memorised, 2 levels left
                                        Lives:  0   Deaths: 0

rFire  . . .     SeeInvis +       - Unarmed
rCold  . . .     Gourm    .     (armour unavailable)
rNeg   . . .     Faith    .     (shield unavailable)
rPois  .         Spirit   .     (helmet unavailable)
rElec  .         Reflect  .     (cloak unavailable)
rCorr  .         Harm     .     (gloves unavailable)
MR     .....     NoTele   +     (boots unavailable)
Stlth  +++.......               (no amulet)
                                n - +3 ring of dexterity
                                m - +3 ring of strength

@: quick
A: no armour, no weapons or thrown items, stealth, claws 1, fangs 3, see
invisible, carnivore 3, speed 1, shaggy fur 1, slow metabolism 1, sharp paws
a: no special abilities


You were in the Dungeon.
You were not hungry.

You visited 1 branch

Inventory:

Jewellery
 m - a +3 ring of strength (left paw)
 n - a +3 ring of dexterity (right paw)
Wands
 l - a wand of acid (7/15)
Scrolls
 h - 2 scrolls of blinking
 j - 3 scrolls of remove curse
 k - 2 scrolls of amnesia
Potions
 a - a potion of might
 c - 5 potions of curing
 d - a potion of invisibility
 e - a potion of haste
 f - 4 potions of magic
 g - a potion of berserk rage
 i - 2 potions of heal wounds
Comestibles
 b - a meat ration


   Skills:
 + Level 4.2 Fighting
 + Level 5.8 Dodging
 * Level 4.4 Stealth
 + Level 6.6 Unarmed Combat


You had 2 spell levels left.
You didn't know any spells.

Dungeon Overview and Level Annotations

Branches:
Dungeon (1/1)

Altars:
Cheibriados
Dithmenos
Elyvilon
Fedhas
Gozag
Hepliaklqana
Kikubaaqudgha
Makhleb
Nemelex Xobeh
Okawaru
Qazlal
Ru
Sif Muna
Trog
Uskayaw
Vehumet
Xom
Yredelemnul
Zin
The Shining One
Beogh
Jiyva
Lugonu


Innate Abilities, Weirdness & Mutations

You cannot wear armour.
You are incapable of wielding weapons or throwing items.
Your paws allow you to move quietly. (Stealth)
You have sharp claws.
You have razor-sharp teeth.
You have supernaturally acute eyesight. (SInv)
You are carnivorous and can eat meat at any time.
You cover ground quickly.
You are covered in fur. (AC +1)
You have a slow metabolism.
Your sharp claws are effective at attacking unaware monsters.


Message History

A water moccasin, a yak, a jelly, a hill giant, a crimson imp and a zombie come into view.
The crimson imp shouts!
The yak bellows!
The yak gores you!
The hill giant shouts!
There is an open door to the Dungeon here.
You barely miss the yak. You barely miss the yak. The yak closely misses you.
You scratch the yak.
The yak is lightly wounded.
The yak completely misses you.
The giant cockroach zombie waves its antennae.
You claw the yak! You bite the yak, but do no damage.
The yak is moderately wounded.
The yak completely misses you.
You scratch the yak but do no damage. Your bite misses the yak.
The yak is moderately wounded.
The crimson imp blinks!
The yak gores you!
Ouch! That really hurt!
You die...

▓.▓
▓|▓
▓)▓
▓[▓
▓[▓
▓[▓
▓.▓
▓.▓
▓@▓
▓Y▓
▓J▓
▓C▓
▓S▓
▓5▓
▓Z▓
▓+▓


You could see a hill giant, a yak, a water moccasin, a jelly, a crimson imp and
a giant cockroach zombie.

Vanquished Creatures
  A crimson imp (D)
  An adder (D)
  A gnoll (D)
  An adder zombie (D)
  2 bats (D)
  A bat skeleton (D)
  A hobgoblin (D)
  2 rats (D)
10 creatures vanquished.

Notes
Turn   | Place    | Note
-------+----------+-------------------------------------------
     0 | D        | equalderp2856 the Felid Fighter began the quest for the Orb.
     0 | D        | Reached XP level 1. HP: 10/10 MP: 2/2
     5 | D        | Reached skill level 1 in Stealth
   105 | D        | Noticed a crimson imp
   135 | D        | Killed a crimson imp
   135 | D        | Reached skill level 5 in Dodging
   135 | D        | Reached skill level 6 in Unarmed Combat
   135 | D        | Reached XP level 2. HP: 11/15 MP: 3/3
   135 | D        | Reached XP level 3. HP: 14/18 MP: 4/4
   318 | D        | Found a roughly hewn altar of Beogh.
   318 | D        | Found a snail-covered altar of Cheibriados.
   318 | D        | Found a shadowy altar of Dithmenos.
   318 | D        | Found a white marble altar of Elyvilon.
   318 | D        | Found a blossoming altar of Fedhas.
   318 | D        | Found an opulent altar of Gozag.
   319 | D        | Found a hazy altar of Hepliaklqana.
   320 | D        | Found a viscous altar of Jiyva.
   321 | D        | Found an ancient bone altar of Kikubaaqudgha.
   322 | D        | Found a corrupted altar of Lugonu.
   323 | D        | Found a burning altar of Makhleb.
   324 | D        | Found a sparkling altar of Nemelex Xobeh.
   325 | D        | Found an iron altar of Okawaru.
   326 | D        | Found a stormy altar of Qazlal.
   327 | D        | Found a sacrificial altar of Ru.
   328 | D        | Found a deep blue altar of Sif Muna.
   329 | D        | Found a bloodstained altar of Trog.
   330 | D        | Found a hide-covered altar of Uskayaw.
   331 | D        | Found a radiant altar of Vehumet.
   332 | D        | Found a shimmering altar of Xom.
   333 | D        | Found a basalt altar of Yredelemnul.
   334 | D        | Found a glowing silver altar of Zin.
   335 | D        | Found a glowing golden altar of the Shining One.
   382 | D        | Noticed a yak
   382 | D        | Noticed a water moccasin
   382 | D        | Noticed a hill giant
   388 | D        | Slain by a yak

Skill      XL: |  1  2  3 |
---------------+----------+-----
Stealth        | 3 4 |  4.4
Fighting       | 4 |  4.2
Dodging        | 5 |  5.8
Unarmed Combat | 6 |  6.6

Action                   || total
-------------------------++-------
Melee: Unarmed           ||    53
       Punch             ||     3
       Bite              ||     3
  Use: Potion            ||     1
 Stab: Distracted        ||     1
Armor: Skin              ||     4
Dodge: Dodged            ||    49
